 Dungeon Crawl Stone Soup version 0.31.0-1-g2c135a0 (webtiles) character file.

Game seed: 1785899857179567325

802 Dungeoncoin98 the Slasher (level 7, -2/44 HPs)
             Began as a Gargoyle Fighter on Mar 2, 2024.
             Was an Initiate of Uskayaw.
             Slain by a killer bee (4 damage)
             ... on level 5 of the Dungeon.
             The game lasted 00:27:59 (2270 turns).

Dungeoncoin98 the Slasher (Gargoyle Fighter)        Turns: 2270, Time: 00:27:59

Health: -2/44      AC: 15    Str: 22    XL:     7   Next: 91%
Magic:  3/9        EV: 13    Int:  8    God:    Uskayaw [......]
Gold:   132        SH:  4    Dex:  9    Spells: 8/8 levels left

rFire   . . .        a - +0 long sword
rCold   . . .        c - +0 buckler
rNeg    + . .        o - +0 chain mail
rPois   ∞            (no helmet)
rElec   +            (no cloak)
rCorr   .            (no gloves)
SInv    .            p - +0 pair of boots
Will    .....        (no amulet) Stlth
                     L - +5 ring of evasion
HPRegen 0.27/turn    (no ring)
MPRegen 0.11/turn

%: no passive effects
@: no status effects
A: sickness immunity, AC +4, negative energy resistance 1, electricity
resistance, torment resistance 1, petrification resistance
a: Renounce Religion


You were on level 5 of the Dungeon.
You worshipped Uskayaw.
Uskayaw was noncommittal.
You visited 1 branch of the dungeon, and saw 5 of its levels.
You also visited: Ossuary.

You collected 132 gold pieces.

Inventory:

Hand Weapons
 a - a +0 long sword (weapon)
 e - a +0 short sword
 k - a +0 mace
 l - a +0 sling
 m - a +0 dagger
 t - a +0 club
 B - a +0 dagger
 E - a +0 halberd
 F - a +0 short sword
 G - a +0 giant club
 J - a +0 flail
 M - a +0 flail of protection
 O - a +1 dagger of venom
Missiles
 h - 6 poisoned darts (quivered)
 D - 6 curare-tipped darts
Armour
 b - a +0 scale mail
 c - a +0 buckler (worn)
 o - a +0 chain mail (worn)
 p - a +0 pair of boots (worn)
 s - a +0 leather armour
 y - a +0 robe
 N - a +0 scale mail
Magical Staves
 r - a staff of conjuration
Jewellery
 L - a +5 ring of evasion (left hand)
Scrolls
 f - 5 scrolls of noise
 i - 2 scrolls of fog {unknown}
 n - a scroll of revelation
 u - 2 scrolls of immolation
 w - 3 scrolls of teleportation {unknown}
 x - a scroll of fear {unknown}
 C - a scroll of identify {unknown}
 H - 3 scrolls of silence {unknown}
 I - a scroll of amnesia {unknown}
Potions
 d - a potion of might
 g - a potion of ambrosia {unknown}
 j - 3 potions of curing {unknown}
 q - a potion of lignification {unknown}
 v - 2 potions of brilliance
 z - a potion of haste {unknown}
 A - 3 potions of heal wounds
 K - a potion of attraction {unknown}


   Skills:
 + Level 4.9 Fighting
 * Level 5.6 Long Blades
 + Level 0.1 Throwing
 + Level 4.5 Armour
 - Level 0.5 Dodging
 + Level 0.5 Stealth
 + Level 4.0 Shields
 - Level 1.3 Spellcasting
 - Level 2.7 Invocations


You had 8 spell levels left.
You didn't know any spells.
Your spell library contained the following spells:

 Spells                   Type           Power      Damage    Failure   Level
 Lesser Beckoning         Tloc           0%         N/A       99%         2
 Gell's Gravitas          Tloc           0%         N/A       100%        3
 Teleport Other           Tloc           0%         N/A       100%        3
 Tukima's Dance           Hex            0%         N/A       100%        3
 Dimensional Bullseye     Hex/Tloc       0%         N/A       100%        4
 Iskenderun's Mystic Bla  Conj/Tloc      0%         2d3       100%        4


Dungeon Overview and Level Annotations

Branches:
Dungeon (5/15)            Ossuary (visited)
 Temple: D:4-7

Altars:
Elyvilon
Okawaru
Sif Muna
Uskayaw
Wu Jian


Innate Abilities, Weirdness & Mutations

You are immune to sickness and miasma.
Your stone body is resilient. (AC +4)
You are immune to poison.
You resist negative energy. (rN+)
You are resistant to electric shocks. (rElec)
You are resistant to unholy torment.
You are immune to petrification.


Message History

The killer bee stings you but does no damage.
You stomp with the beat, sending a shockwave through the revellers around you!
The killer bee is heavily wounded.
The killer bee is moderately wounded.
The killer bee is heavily wounded.
You can no longer stomp with the beat.
The killer bee stings you. x2; You block the killer bee's attack.
The killer bee closely misses you. The killer bee barely misses you. x2
You can now stomp with the beat.
You slash the killer bee!
You kill the killer bee!
The killer bee stings you. x2; The killer bee barely misses you.
The killer bee stings you but does no damage.
The killer bee barely misses you.
You hit the killer bee.
The killer bee is heavily wounded.
The killer bee stings you but does no damage. x2
The killer bee stings you!
* * * LOW HITPOINT WARNING * * *
The killer bee stings you but does no damage.
The killer bee closely misses you. The killer bee stings you.
* * * LOW HITPOINT WARNING * * *
You closely miss the killer bee.
The killer bee is heavily wounded.
The killer bee stings you but does no damage. x2
The killer bee stings you.
* * * LOW HITPOINT WARNING * * *
You block the killer bee's attack.
The killer bee stings you but does no damage.
The killer bee stings you.
* * * LOW HITPOINT WARNING * * *
The killer bee barely misses you.
The killer bee stings you but does no damage.
You block the killer bee's attack.
You stomp with the beat, sending a shockwave through the revellers around you!
The killer bee is heavily wounded.
The killer bee is severely wounded. x2
You can no longer stomp with the beat.
The killer bee stings you.
You die...

## # #...
.##.############
#.##
......yy.......#
#.#
.....Sy@.......#
#.##
.....########..#
#..# ..# #..#
##...
#..#####....
#...........
##.######.###
#...####.## #
#.#......#
#...####.#


You could see 3 killer bees and an adder.

Vanquished Creatures
  Edmund (D:5)
  An ogre (D:4)
  A weeping skull (Ossuary)
  2 elf zombies (Ossuary)
  2 burial acolytes (Ossuary)
  A killer bee (D:5)
  2 centaur zombies (Ossuary)
  A hound (D:4)
  2 orc wizards
  2 hound zombies (Ossuary)
  A mummy (Ossuary)
  4 adders
  A dart slug (D:1)
  A ribbon worm (D:3)
  8 orcs
  2 ball pythons (D:4)
  3 endoplasms
  A giant cockroach (D:4)
  2 goblins
  8 hobgoblins
  4 jackals (D:3)
  3 quokkas
  A bat (D:1)
  2 gnoll zombies (Ossuary)
  3 kobolds
  4 orc zombies (Ossuary)
  A rat (D:3)
64 creatures vanquished.

Notes
Turn   | Place    | Note
-------+----------+-------------------------------------------
     0 | D:1      | Dungeoncoin98 the Gargoyle Fighter began the quest for the
                  | Orb.
     0 | D:1      | Reached XP level 1. HP: 14/14 MP: 1/1
   119 | D:1      | Reached XP level 2. HP: 20/20 MP: 2/2
   208 | D:2      | Reached skill level 2 in Long Blades
   351 | D:2      | Reached XP level 3. HP: 20/24 MP: 3/3
   451 | D:3      | Found a hide-covered altar of Uskayaw.
   453 | D:3      | Found a white marble altar of Elyvilon.
   453 | D:3      | Found an ornate altar of the Wu Jian Council.
   454 | D:3      | Found an iron altar of Okawaru.
   477 | D:3      | Became a worshipper of Uskayaw the Reveller
   507 | D:3      | Reached * piety under Uskayaw
   536 | D:3      | Reached ** piety under Uskayaw
   791 | D:3      | Reached XP level 4. HP: 15/29 MP: 4/4
  1135 | D:4      | Found a sand-covered staircase.
  1147 | D:4      | Reached skill level 1 in Invocations
  1151 | Ossuary  | Entered an ossuary
  1151 | Ossuary  | Noticed a weeping skull
  1151 | Ossuary  | Noticed a weeping skull
  1151 | Ossuary  | Noticed a weeping skull
  1178 | Ossuary  | Reached XP level 5. HP: 26/33 MP: 5/5
  1181 | Ossuary  | Reached *** piety under Uskayaw
  1227 | Ossuary  | Reached skill level 3 in Long Blades
  1227 | Ossuary  | Reached skill level 1 in Spellcasting
  1428 | Ossuary  | Reached XP level 6. HP: 30/38 MP: 7/7
  1587 | Ossuary  | Reached skill level 4 in Long Blades
  1587 | Ossuary  | Reached XP level 7. HP: 23/44 MP: 9/9
  2055 | D:5      | Entered Level 5 of the Dungeon
  2109 | D:5      | Found a shimmering blue altar of Sif Muna.
  2109 | D:5      | Noticed Edmund
  2122 | D:5      | Killed Edmund
  2123 | D:5      | Reached skill level 5 in Long Blades
  2269 | D:5      | HP: 2/44 [killer bee (3)]
  2270 | D:5      | Slain by a killer bee

Illustrated notes

Levels and vault maps discovered:
D:1:      matt_arrival_spirals, layout_basic, minmay_heptomino_w4
D:2:      layout_basic
D:3:      layout_basic, grunt_temple_overflow_open
D:4:      layout_basic, nicolae_ossuary_entry_ruins
D:5:      layout_loops_ring, kennysheep_orc_sif_temple,
          hangedman_abyss_or_decor_stagger, uniq_edmund

Skill      XL: |  1  2  3  4  5  6  7 |
---------------+----------------------+-----
Long Blades    | 2 3 4 5 |  5.6
Fighting       | 4 |  4.9
Armour         | 4 |  4.5
Invocations    | 1 2 |  2.7
Spellcasting   | 1 |  1.3
Shields        | 4 |  4.0
Throwing       | |  0.1
Dodging        | |  0.5
Stealth        | |  0.5

Action                     |  1- 3 |  4- 6 |  7- 9 || total
---------------------------+-------+-------+-------++-------
  Melee: Long sword        |    89 |   135 |    60 ||   284
  Throw: Dart              |       |     2 |       ||     2
 Invoke: Stomp             |       |     4 |    10 ||    14
         Line Pass         |       |     2 |       ||     2
    Use: Scroll            |     2 |     1 |     1 ||     4
         Potion            |       |     2 |     2 ||     4
   Stab: Paralysed         |       |       |     1 ||     1
 Armour: Scale mail        |    41 |       |       ||    41
         Chain mail        |    75 |   160 |    70 ||   305
  Dodge: Dodged            |    61 |    87 |    49 ||   197
  Block: Buckler           |    25 |    52 |    19 ||    96
